 Dungeon Crawl Stone Soup version 0.20-a0-760-g49f5558 (webtiles) character file.

66 polly the Bolt Thrower (level 3, -1/28 HPs)
             Began as a Demonspawn Hunter on Feb 25, 2017.
             Slain by a hobgoblin
             ... wielding a +0 club
             ... led by Robin
              (4 damage)
             ... on level 2 of the Dungeon.
             The game lasted 00:01:30 (542 turns).

polly the Bolt Thrower (Demonspawn Hunter)           Turns: 542, Time: 00:01:31

Health: -1/28      AC:  3    Str: 13    XL:     3   Next: 96%
Magic:  3/3        EV: 12    Int: 12    God:
Gold:   23         SH:  0    Dex: 17    Spells: 2/2 levels left

rFire    . . .     SeeInvis .   b - +0 short sword
rCold    . . .     Gourm    .   c - +0 leather armour
rNeg     . . .     Faith    .   (no shield)
rPois    .         Spirit   .   (no helmet)
rElec    .         Reflect  .   (no cloak)
rCorr    .         Harm     .   (no gloves)
MR       .....                  (no boots)
Stlth    +++.......             (no amulet)
Regen    0.1/turn               (no ring)
MPRegen  0.1/turn               (no ring)

@: no status effects
A: thin skeletal structure 2
a: no special abilities


You were on level 2 of the Dungeon.
You were not hungry.

You visited 1 branch of the dungeon, and saw 2 of its levels.

You collected 23 gold pieces.

Inventory:

Hand Weapons
 a - a +1 hand crossbow
 b - a +0 short sword (weapon)
Armour
 c - a +0 leather armour (worn)
Jewellery
 h - an uncursed ring of wizardry {unknown}
Scrolls
 g - a scroll of remove curse {unknown}
 j - 6 scrolls of identify {unknown}
 m - a scroll of fear {unknown}
 n - a scroll of enchant weapon {unknown}
Potions
 e - a potion of curing {unknown}
 i - a potion of might
 o - a potion of agility {unknown}
 p - a potion of haste {unknown}
Comestibles
 f - a bread ration


   Skills:
 + Level 2.3 Fighting
 + Level 4.6 Crossbows
 + Level 0.8 Armour
 + Level 2.0 Dodging
 + Level 1.0 Stealth


You had 2 spell levels left.
You didn't know any spells.

Dungeon Overview and Level Annotations

Branches:
Dungeon (2/15)

Altars:
Sif Muna


Innate Abilities, Weirdness & Mutations

You have a moderately thin skeletal structure. (Dex +4, Stealth+)


Message History

The goblin misses you. The goblin barely misses you.
The goblin hits you with a club.
* * * LOW HITPOINT WARNING * * *
It was a potion of heal wounds.
You feel much better.
The goblin no longer looks unusually strong.
The hobgoblin barely misses you. x2; The goblin closely misses you.
The goblin hits you.
b - a +0 short sword (weapon)
The goblin hits you with a club.
* * * LOW HITPOINT WARNING * * *
The hobgoblin hits you with a club.
* * * LOW HITPOINT WARNING * * *
The hobgoblin misses you. The goblin barely misses you.
You hit the hobgoblin.
The hobgoblin is moderately wounded.
The goblin hits you.
* * * LOW HITPOINT WARNING * * *
The goblin closely misses you. The hobgoblin closely misses you.
The hobgoblin hits you with a club.
You die...

# #.#....... #.
##.#.......
...##.##..(.(._..
....)(...(#......
..#####(..#.....?
##.g# .....
#rg####^##
#ggg......
#g@g...?..
##########


You could see 2 hobgoblins, 5 goblins and a rat.

Vanquished Creatures
  Robin (D:2)
  An adder (D:2)
  An ooze (D:1)
  2 worms (D:2)
  A dart slug (D:1)
  2 leopard geckos
  A ball python (D:1)
  5 bats
  A giant cockroach (D:1)
  5 goblins
  2 hobgoblins
  3 frilled lizards
  5 kobolds
  5 rats
35 creatures vanquished.

Notes
Turn   | Place    | Note
-------+----------+-------------------------------------------
     0 | D:1      | polly the Demonspawn Hunter began the quest for the Orb.
     0 | D:1      | Reached XP level 1. HP: 16/16 MP: 1/1
    61 | D:1      | Gained mutation: You have a somewhat thin skeletal structure. (Dex +2, Stealth) [demonic ancestry]
    61 | D:1      | Reached XP level 2. HP: 22/22 MP: 2/2
    82 | D:1      | Reached skill level 4 in Crossbows
   453 | D:2      | Gained mutation: You have a moderately thin skeletal structure. (Dex +4, Stealth+) [demonic ancestry]
   453 | D:2      | Reached XP level 3. HP: 27/27 MP: 3/3
   516 | D:2      | Found a deep blue altar of Sif Muna.
   517 | D:2      | Noticed Robin
   519 | D:2      | Reached skill level 1 in Stealth
   537 | D:2      | Killed Robin
   539 | D:2      | HP: 1/28 [goblin/club[Robin] (2)]
   542 | D:2      | Slain by a hobgoblin

Vault maps used:
D:1:      lightli_iron_boxes
D:2:      chequers_ecumenical_altar_simple, lemuel_tele_altar, uniq_robin

Skill      XL: |  1  2  3 |
---------------+----------+-----
Crossbows      | 4 |  4.6
Dodging        | 2 |  2.0
Stealth        | 1 |  1.0
Fighting       | |  2.3
Armour         | |  0.8

Action                   || total
-------------------------++-------
Melee: Short sword       ||     1
 Fire: Hand crossbow     ||    67
  Use: Potion            ||     3
Armor: Leather armour    ||     7
Dodge: Dodged            ||    26
